 Dungeon Crawl Stone Soup version 0.20.1-1-g8b1a95d (webtiles) character file.

27532 letownia2 the Reanimator (level 13, 99/110 HPs)
             Began as a Deep Dwarf Necromancer on Dec 21, 2017.
             Was an Initiate of Gozag.
             Quit the game on level 2 of the Lair of Beasts on Dec 22, 2017.
             The game lasted 01:01:17 (13912 turns).

letownia2 the Reanimator (Deep Dwarf Necromancer)  Turns: 13912, Time: 01:01:18

Health: 99/110     AC: 13    Str: 10    XL:     13   Next: 4%
Magic:  42/45      EV: 13    Int: 16    God:    Gozag
Gold:   286        SH:  0    Dex: 13    Spells: 8/32 levels left

rFire    . . .     SeeInvis .   b - +5 halberd (freeze)
rCold    . . .     Gourm    .   (shield currently unavailable)
rNeg     . . .     Faith    .   w - +0 scale mail
rPois    .         Spirit   .   f - +0 helmet
rElec    .         Reflect  .   v - +0 cloak "Qilifee" {+Blink MP+9 Str-5 Int-2} (curse)
rCorr    .         Harm     .   Y - +1 pair of gloves of Okawaru's Displeasure {+Blink}
MR       +....                  T - +0 pair of boots
Stlth    ..........             e - amulet of rage
Regen    0.0/turn               g - ring of magical power
MPRegen  0.3/turn               u - +4 ring of evasion

@: silence, non-regenerating
A: damage resistance, heal wounds, sense surroundings 2, no regeneration
a: Heal Wounds, Renounce Religion, Evoke Blink, Evoke Berserk Rage


You were on level 2 of the Lair of Beasts.
You worshipped Gozag.
Gozag was aware of your devotion.
You were not hungry.

You visited 3 branches of the dungeon, and saw 14 of its levels.

You collected 3804 gold pieces.
You spent 496 gold pieces at shops.
You paid 3022 gold pieces to Gozag.

Inventory:

Hand Weapons
 a - a +1 war axe of electrocution
 b - a +5 halberd of freezing (weapon)
 B - a +4 dire flail of holy wrath
 N - a +3 scimitar of flaming
 W - a +3 battleaxe
Missiles
 L - 5 poisoned tomahawks (quivered)
 X - 7 javelins
Armour
 f - a +0 helmet (worn)
 v - the cursed +0 cloak "Qilifee" (worn) {+Blink MP+9 Str-5 Int-2}
   (You bought it in a shop on level 2 of the Lair of Beasts)

   It affects your strength (-5).
   It affects your intelligence (-2).
   It affects your magic capacity (+9).
   It lets you blink.
   It has a curse placed upon it.
 w - a +0 scale mail (worn)
 I - a +0 cloak
 R - a +1 chain mail of fire resistance
 T - a +0 pair of boots (worn)
 Y - the +1 pair of gloves of Okawaru's Displeasure (worn) {+Blink}
   (You bought it in a shop on level 2 of the Lair of Beasts)

   It lets you blink.
Jewellery
 e - an amulet of rage (around neck)
 g - a ring of magical power (left hand)
 u - a +4 ring of evasion (right hand)
Wands
 n - a wand of clouds (6/9)
 p - a wand of confusion (23/48)
 s - a wand of flame (21/48)
 A - a wand of disintegration (6/24)
 K - a wand of paralysis (15/24)
 P - a wand of lightning (1/15)
 S - a wand of paralysis (10/24)
Scrolls
 i - 2 scrolls of identify
 x - 3 scrolls of remove curse
 y - 2 scrolls of teleportation
 D - 4 scrolls of magic mapping
Potions
 h - 2 potions of haste
 l - 4 potions of berserk rage {unknown}
 m - a potion of curing {unknown}
 o - a potion of ambrosia
 q - 7 potions of mutation {unknown}
 r - a potion of flight
 t - 2 potions of lignification
 z - a potion of might
 C - a potion of resistance
 F - 3 potions of brilliance
 J - a potion of heal wounds
 U - 2 potions of agility
Miscellaneous
 Q - a phial of floods
 V - a phantom mirror
 Z - a fan of gales
Comestibles
 c - 3 bread rations
 d - 13 fruits
 j - a meat ration


   Skills:
 - Level 5.5 Fighting
 + Level 8.8 Axes
 - Level 5.1 Armour
 - Level 2.2 Dodging
 - Level 2.4 Stealth
 - Level 10.3 Spellcasting
 - Level 3.1 Conjurations
 - Level 3.2 Hexes
 - Level 13.9 Necromancy
 - Level 3.1 Fire Magic
 - Level 7.0 Evocations


You had 8 spell levels left.
You knew the following spells:

 Your Spells              Type           Power        Failure   Level  Hunger
a - Pain                  Necr           ####         1%          1    None
b - Throw Flame           Conj/Fire      ###...       22%         2    None
c - Conjure Flame         Conj/Fire      ###.....     38%         3    None
d - Flame Tongue          Conj/Fire      ###..        14%         1    None
i - Silence               Hex/Air        ##........   100%        5    #####..
r - Deflect Missiles      Chrm/Air       #.........   100%        6    ######.
v - Vampiric Draining     Necr           ######....   1%          3    None
x - Inner Flame           Hex/Fire       ###.....     38%         3    None


Dungeon Overview and Level Annotations

Branches:
Dungeon (10/15)            Temple (0/1) D:6            Lair (2/6) D:10
    Orc (2/2) D:10            Elf (0/3) Orc:2
  Swamp: Lair:2-4    Shoals: Lair:2-4     Snake: Lair:2-4    Spider: Lair:2-4

Altars:
Gozag
Nemelex Xobeh
Qazlal
Trog
Uskayaw
Xom
Yredelemnul
Zin
The Shining One
Beogh

Shops:
D:8 [=   Orc:2 ==(   Lair:2 [*


Innate Abilities, Weirdness & Mutations

You are resistant to damage.
You can heal yourself by infusing magical energy.
You passively map the area around you.
You do not regenerate.


Message History

Okay, then.
As you read the scroll labeled HUUNEMN RUSUUCH, it crumbles to dust.
You hear a loud clanging noise!
It was a scroll of noise.
You hear a croak.
You hear a trumpeting! x3
As you read the scroll of magic mapping, it crumbles to dust.
You feel momentarily disoriented.
Unknown command.
As you read the scroll labeled FUSUCREXTUJ, it crumbles to dust.
It is a scroll of enchant weapon.
Your +2 battleaxe glows red for a moment.
As you read the scroll labeled CONGEEL KARIP, it crumbles to dust.
The scroll dissolves into smoke.
It was a scroll of fog.
As you read the scroll labeled IDEEL INAMAV, it crumbles to dust.
It is a scroll of recharging.
Charge which item? (? for menu, Esc to quit)
Your wand of clouds (2/9) glows for a moment and now has 6 charges.
As you read the scroll labeled XIHUCI VAMNEA, it crumbles to dust.
A profound silence engulfs you.
It was a scroll of silence.
Are you sure you want to abandon this character and quit the game? (Confirm with "yes".)

P#.##...#...#.........,,,,,,**
..................#...,,,,,,,*
.....................,,,,,,,,*
.....................,,,,,,,,*
................#*,*,,,,,**,**
................##***,,,,****
................§# **,,,*
##.#.##.......§§§### **,,**
#.[.####.##...§§@§§## *,,,**
......####....##§§§.#**,,,,*
..............###§§..#**,,**
............### ###......,*
.........#.## *#......**
........###**** *##>...,**
.......##****,** *,....<,*
........#*,,,,,* ***#..,,*
...#...##,,,,,,*** *##,,*


There were no monsters in sight!

Vanquished Creatures
  The ghost of Krapule the Fighter, a journeyman BaFi of Cheibriados (Orc:2)
  4 hydras
  Erica (D:9)
  A two-headed ogre (D:9)
  5 orc high priests (Orc:2)
  Urug (Lair:2)
  7 orc knights (Orc:2)
  A deep elf mage (Orc:2)
  2 orc sorcerers (Orc:2)
  Joseph (D:8)
  A black mamba (Lair:1)
  The ghost of othur the Basher, a novice MiFi (D:7)
  2 spiny frogs (Lair:1)
  A komodo dragon (Lair:2)
  3 trolls
  Prince Ribbit (D:8)
  Grinder (D:6)
  2 dream sheep (D:10)
  A hippogriff (Lair:2)
  11 yaks
  Eustachio (D:6)
  A hungry ghost (D:8)
  Grum (D:9)
  2 wargs (Orc:2)
  Edmund (D:5)
  3 water moccasins (Lair:1)
  3 porcupines
  31 orc warriors
  A hornet zombie (D:4)
  3 ogres
  An ice beast (D:8)
  2 black bears
  5 wolves
  3 sky beasts
  A phantom (D:4)
  2 centaurs (D:9)
  3 crocodiles
  3 big kobolds (D:10)
  4 bullfrogs
  A wyvern skeleton (D:9)
  7 scorpions
  5 killer bees (D:10)
  15 wights
  3 electric eels (D:4)
  5 crimson imps
  2 quasits (D:6)
  A bullfrog zombie (D:10)
  5 hounds
  3 jellies
  Crazy Yiuf (D:6)
  A bullfrog skeleton (D:9)
  A gnoll shaman (D:9)
  21 orc priests
  6 orc wizards
  5 iguanas
  Terence (D:2)
  7 worker ants
  A hound skeleton (D:4)
  A worker ant zombie (D:5)
  3 gnolls (D:9)
  10 adders
  A shadow imp (D:9)
  2 white imps (D:10)
  A worker ant simulacrum (D:10)
  3 ufetubi (D:10)
  3 adder skeletons
  3 worms
  2 dart slugs
  7 leopard geckos
  55 orcs
  4 ball pythons
  7 giant cockroaches
  7 goblins
  11 hobgoblins
  5 jackals
  9 kobolds
  2 quokkas
  6 bats
  6 frilled lizards
  A giant cockroach zombie (D:5)
  A jackal zombie (D:9)
  A leopard gecko skeleton (D:4)
  7 rats
368 creatures vanquished.

Notes
Turn   | Place    | Note
-------+----------+-------------------------------------------
     0 | D:1      | letownia2 the Deep Dwarf Necromancer began the quest for the Orb.
     0 | D:1      | Reached XP level 1. HP: 15/15 MP: 3/3
   103 | D:2      | Reached XP level 2. HP: 13/22 MP: 0/4
   298 | D:3      | Found a glowing golden altar of the Shining One.
   304 | D:3      | Reached skill level 5 in Necromancy
   453 | D:3      | Reached XP level 3. HP: 15/28 MP: 1/6
   458 | D:3      | Learned a level 3 spell: Vampiric Draining
   564 | D:4      | Found a sparkling altar of Nemelex Xobeh.
   638 | D:4      | Found a transporter.
   926 | D:4      | Reached skill level 6 in Necromancy
   926 | D:4      | Reached XP level 4. HP: 17/36 MP: 0/7
  1151 | D:4      | Found a transporter.
  1237 | D:5      | Entered Level 5 of the Dungeon
  1312 | D:5      | Noticed a phantom
  1333 | D:4      | Reached XP level 5. HP: 16/42 MP: 0/8
  1555 | D:5      | Found an opulent altar of Gozag.
  1561 | D:5      | Became a worshipper of Gozag Ym Sagoz the Greedy
  1784 | D:5      | Reached skill level 1 in Evocations
  1806 | D:5      | Noticed Edmund
  1997 | D:5      | Killed Edmund
  1997 | D:5      | Reached skill level 7 in Necromancy
  1997 | D:5      | Reached XP level 6. HP: 23/49 MP: 0/10
  2122 | D:4      | Reached skill level 1 in Fighting
  2890 | D:2      | Noticed Terence
  2896 | D:2      | Killed Terence
  2896 | D:2      | Reached XP level 7. HP: 37/57 MP: 12/12
  4035 | D:6      | Noticed Eustachio
  4041 | D:6      | Killed Eustachio
  4090 | D:6      | Noticed Grinder
  4123 | D:6      | Killed Grinder
  4123 | D:6      | Reached skill level 5 in Spellcasting
  4136 | D:6      | Reached XP level 8. HP: 59/64 MP: 16/16
  4226 | D:6      | Found a basalt altar of Yredelemnul.
  4227 | D:6      | Found a hide-covered altar of Uskayaw.
  4349 | D:6      | Found a runed door.
  4414 | D:6      | Found a staircase to the Ecumenical Temple.
  4582 | D:6      | Reached skill level 8 in Necromancy
  4837 | D:6      | Noticed Crazy Yiuf
  4841 | D:6      | Killed Crazy Yiuf
  4906 | D:7      | Reached skill level 5 in Evocations
  5103 | D:7      | Noticed othur's ghost (novice MiFi)
  5562 | D:7      | Gained mutation: You passively map the area around you. [Deep Dwarf growth]
  5562 | D:7      | Reached XP level 9. HP: 63/70 MP: 19/19
  5611 | D:7      | Reached skill level 9 in Necromancy
  5847 | D:7      | Killed othur's ghost
  5997 | D:7      | Learned a level 2 spell: Throw Flame
  6001 | D:7      | Learned a level 3 spell: Conjure Flame
  6036 | D:8      | Noticed Joseph
  6132 | D:8      | Reached skill level 1 in Conjurations
  6132 | D:8      | Reached skill level 1 in Fire Magic
  6299 | D:9      | Noticed Erica
  6392 | D:9      | Found a shimmering altar of Xom.
  6396 | D:9      | Noticed a two-headed ogre
  6431 | D:9      | Killed a two-headed ogre
  6521 | D:9      | Reached XP level 10. HP: 63/79 MP: 6/22
  6664 | D:9      | Found a bloodstained altar of Trog.
  6763 | D:9      | Noticed an angel
  6774 | D:9      | Found a glowing silver altar of Zin.
  7314 | D:8      | Noticed Prince Ribbit
  7410 | D:8      | Reached skill level 10 in Necromancy
  7420 | D:8      | Learned a level 1 spell: Flame Tongue
  7465 | D:8      | Killed Prince Ribbit
  7609 | D:8      | Killed Joseph
  7703 | D:8      | Found a stormy altar of Qazlal.
  7902 | D:9      | Killed Erica
  7902 | D:9      | Reached skill level 11 in Necromancy
  8002 | D:9      | Noticed Grum
  8025 | D:9      | Killed Grum
  8035 | D:9      | Reached skill level 12 in Necromancy
  8246 | D:4      | Learned a level 3 spell: Inner Flame
  8296 | D:4      | Learned a level 5 spell: Silence
  8443 | D:10     | Entered Level 10 of the Dungeon
  8504 | D:10     | Reached XP level 11. HP: 82/86 MP: 18/24
  8551 | D:10     | Noticed a three-headed hydra
  8567 | D:10     | Killed a three-headed hydra
  8600 | D:10     | Learned a level 6 spell: Deflect Missiles
  8661 | D:10     | Found a staircase to the Orcish Mines.
  9106 | D:10     | Found a staircase to the Lair.
  9398 | Lair:1   | Entered Level 1 of the Lair of Beasts
  9398 | Lair:1   | Noticed a five-headed hydra
  9408 | Lair:1   | Killed a four-headed hydra
  9408 | Lair:1   | Reached skill level 13 in Necromancy
  9539 | Lair:1   | Noticed a six-headed hydra
  9556 | Lair:1   | Killed a six-headed hydra
  9650 | Lair:1   | Reached skill level 5 in Fighting
  9749 | Lair:1   | Noticed a six-headed hydra
  9765 | Lair:1   | Killed a six-headed hydra
  9832 | Lair:1   | Reached skill level 1 in Axes
 10104 | Orc:1    | Entered Level 1 of the Orcish Mines
 10636 | Orc:2    | Entered Level 2 of the Orcish Mines
 10648 | Orc:1    | Reached skill level 1 in Armour
 10831 | Orc:1    | Noticed an orc knight
 10842 | Orc:1    | Noticed a two-headed ogre
 10862 | Orc:2    | Killed an orc knight
 11001 | Orc:2    | Reached XP level 12. HP: 60/103 MP: 25/25
 11407 | Orc:2    | Found a roughly hewn altar of Beogh.
 11471 | Orc:2    | Found a staircase to the Elven Halls.
 11675 | Orc:2    | Reached skill level 5 in Axes
 11990 | Orc:2    | Noticed an orc high priest
 12014 | Orc:2    | Reached skill level 5 in Armour
 12042 | Orc:2    | Noticed Krapule's ghost (journeyman BaFi)
 12063 | Orc:2    | Killed Krapule's ghost
 12063 | Orc:2    | Reached skill level 1 in Hexes
 12182 | Orc:2    | Killed an orc high priest
 12606 | Orc:2    | Noticed an orc high priest
 12624 | Orc:2    | Killed an orc high priest
 12647 | Orc:2    | Noticed an orc high priest
 12679 | Orc:2    | Killed an orc high priest
 13156 | Orc:2    | Reached skill level 10 in Spellcasting
 13361 | Orc:2    | Noticed an orc high priest
 13371 | Orc:2    | Killed an orc high priest
 13372 | Orc:2    | Noticed an orc high priest
 13385 | Orc:2    | Killed an orc high priest
 13437 | Orc:2    | Found Soabej's Jewellery Emporium.
 13440 | Orc:2    | Found Igisoth's Antique Weapon Shoppe.
 13441 | Orc:2    | Found Wyogiem's Jewellery Emporium.
 13442 | Orc:2    | Found Usapul's Assorted Antiques.
 13634 | Lair:2   | Bought a scroll labeled XIHUCI VAMNEA for 22 gold pieces
 13654 | Lair:2   | Noticed Urug
 13674 | Lair:2   | Killed Urug
 13674 | Lair:2   | Reached XP level 13. HP: 83/110 MP: 8/27
 13880 | Lair:2   | Bought an ichor-stained cloak for 237 gold pieces
 13880 | Lair:2   | Bought a pair of faintly humming gloves for 237 gold pieces
 13890 | Lair:2   | Identified the cursed +0 cloak "Qilifee" {+Blink MP+9 Str-5 Int-2} (You bought it in a shop on level 2 of the Lair of Beasts)
 13904 | Lair:2   | Identified the +1 pair of gloves of Okawaru's Displeasure {+Blink} (You bought it in a shop on level 2 of the Lair of Beasts)
 13912 | Lair:2   | Quit the game

Skill      XL: |  1  2  3  4  5  6  7  8  9 10 11 12 |
---------------+-------------------------------------+-----
Necromancy     | 5 6 7 8 9 12 13 | 13.9
Spellcasting   | 2 3 5 6 8 9 10 | 10.3
Evocations     | 1 3 6 7 |  7.0
Fighting       | 1 2 5 |  5.5
Conjurations   | 3 |  3.1
Fire Magic     | 3 |  3.1
Axes           | 3 8 |  8.8
Armour         | 3 5 |  5.1
Hexes          | 3 |  3.2
Dodging        | |  2.2
Stealth        | |  2.4

Action                   |  1- 3 |  4- 6 |  7- 9 | 10-12 | 13-15 || total
-------------------------+-------+-------+-------+-------+-------++-------
Melee: Unarmed           |     6 |       |       |       |       ||     6
       Short sword       |    11 |     8 |       |       |       ||    19
       Dire flail        |       |     4 |    76 |   144 |       ||   224
       Battleaxe         |       |       |       |     2 |       ||     2
       Halberd           |       |       |       |   160 |     9 ||   169
       Scimitar          |       |       |       |    21 |       ||    21
       Flail             |       |       |       |     4 |       ||     4
       War axe           |       |       |       |    16 |       ||    16
Throw: Tomahawk          |       |       |       |     2 |       ||     2
 Cast: Pain              |    34 |    72 |   156 |    65 |       ||   327
       Vampiric Draining |       |    22 |    32 |   329 |     6 ||   389
       Conjure Flame     |       |       |     6 |    38 |       ||    44
       Throw Flame       |       |       |       |    10 |       ||    10
Invok: Call Merchant     |       |       |       |     4 |       ||     4
Evoke: Wand              |       |     5 |    13 |    22 |       ||    40
       Box of beasts     |       |       |       |     1 |       ||     1
  Use: Scroll            |     1 |     2 |     8 |     9 |     6 ||    26
       Potion            |       |       |     1 |       |       ||     1
 Stab: Sleeping          |       |       |     1 |       |       ||     1
       Paralysed         |       |       |     4 |       |       ||     4
       Confused          |       |       |     3 |     2 |       ||     5
  Eat: Chunk             |       |     3 |       |       |       ||     3
       Meat ration       |       |     1 |     1 |     3 |       ||     5
       Royal jelly       |       |       |     2 |     3 |     1 ||     6
       Bread ration      |       |       |     1 |       |       ||     1
       Fruit             |       |       |       |     6 |       ||     6
Armor: Leather armour    |     4 |     5 |    36 |    52 |       ||    97
       Ring mail         |     9 |     8 |       |       |       ||    17
       Scale mail        |       |       |       |   177 |     3 ||   180
Dodge: Dodged            |    43 |    28 |    65 |   461 |     4 ||   601
       Rpst.: Scimitar   |       |       |       |     5 |       ||     5
